NYP
MAHONING VALLEY SCRAPPERS @ BATAVIA MUCKDOGS
07/24/2099
 
TOP OF THE 1ST
Mahoning Valley Scrappers batting - Pitching for Batavia Muckdogs : LHP Carlos Alvarado
Pitching: LHP Carlos Alvarado
Batting: RHB George Leggett 0-0: Ball
1-0: Ball
2-0: Swinging Strike
2-1: Swinging Strike
2-2: Strikes out looking
Batting: RHB Adam Van Leuven 0-0: Swinging Strike
0-1: Foul Ball, location: 2F
0-2: Foul Ball, location: 9LMF
0-2: SINGLE (Line Drive, 4MD, EV 101.3 MPH)
Batting: LHB Nelson Preciado 0-0: Ball
1-0: SINGLE (Flyball, 3D, EV 108.8 MPH)
Adam Van Leuven to second
Batting: RHB Ed Donohue 0-0: Ball
1-0: Fielders Choice at 2nd, 3-6 (Groundball, 23, EV 82.5 MPH)
Adam Van Leuven to third
Batting: LHB Mark Grahn 0-0: Fly out, F8 (Flyball, 89D, EV 95.0 MPH)
Top of the 1st over - 0 runs, 2 hits, 0 errors, 2 left on base; Mahoning Valley 0 - Batavia 0
BOTTOM OF THE 1ST
Batavia Muckdogs batting - Pitching for Mahoning Valley Scrappers : RHP Kevin Peterson
Pitching: RHP Kevin Peterson
Batting: RHB Brice Post 0-0: Foul Ball, location: 3DF
0-1: Swinging Strike
0-2: Ball
1-2: Strikes out swinging
Batting: LHB Lynssl Goldstein 0-0: SINGLE (Groundball, 6MD, EV 108.1 MPH)
Batting: RHB Cody Naylor 0-0: Foul Ball, location: 2F
0-1: Fielders Choice at 2nd, 5-4 (Groundball, 5L, EV 104.4 MPH)
Batting: LHB David Serna 0-0: Called Strike
0-1: Ball
1-1: Foul Ball, location: 2F
1-2: Ball
2-2: Strikes out swinging
Bottom of the 1st over - 0 runs, 1 hit, 0 errors, 1 left on base; Mahoning Valley 0 - Batavia 0
TOP OF THE 2ND
Mahoning Valley Scrappers batting - Pitching for Batavia Muckdogs : LHP Carlos Alvarado
Batting: RHB Nolan George 0-0: Foul Ball, location: 2F
0-1: Ball
1-1: Foul Ball, location: 5FF
1-2: Ball
2-2: Ball
3-2: SINGLE (Line Drive, 34D, EV 107.5 MPH)
Batting: RHB Nick Barry 0-0: Swinging Strike
Nolan George is caught stealing 2nd base 2-4
0-1: Fly out, F8 (Line Drive, 8LM, EV 89.4 MPH)
Batting: RHB Ricky Cruz 0-0: Foul Ball, location: 2F
0-1: Ball
1-1: DOUBLE (Flyball, 8LXD, EV 95.0 MPH)
Batting: RHB Eddie Longoria 0-0: SINGLE (Groundball, 34D, EV 94.4 MPH)
Ricky Cruz to third
Runner from 3rd tries for Home, SAFE, throw by RF to home
Batting: RHB George Leggett 0-0: Ground out 6-3 (Groundball, P, EV 88.8 MPH)
Top of the 2nd over - 1 run, 3 hits, 0 errors, 1 left on base; Mahoning Valley 1 - Batavia 0
BOTTOM OF THE 2ND
Batavia Muckdogs batting - Pitching for Mahoning Valley Scrappers : RHP Kevin Peterson
Batting: RHB Jamie Eirich 0-0: Ball
1-0: Ball
2-0: Ground out 6-3 (Groundball, 6M, EV 89.4 MPH)
Batting: RHB Matt Jackson 0-0: Ball
1-0: Fly out, F5 (Popup, 15, EV 90.0 MPH)
Batting: LHB David Montoya 0-0: Called Strike
0-1: Ball
1-1: Foul Ball, location: 2F
1-2: Ball
2-2: Ball
3-2: Base on Balls
Batting: RHB Chris Denbo 0-0: Ball
1-0: SINGLE (Groundball, 4MD, EV 100.0 MPH)
David Montoya to second
Runner from 2nd tries for 3rd, SAFE, throw by CF made to third
Batting: RHB Bill Ybanez 0-0: Called Strike
0-1: Foul Ball, location: 9LDF
0-2: Strikes out swinging
Bottom of the 2nd over - 0 runs, 1 hit, 0 errors, 2 left on base; Mahoning Valley 1 - Batavia 0
TOP OF THE 3RD
Mahoning Valley Scrappers batting - Pitching for Batavia Muckdogs : LHP Carlos Alvarado
Batting: RHB Adam Van Leuven 0-0: Foul Ball, location: 2F
0-1: Fly out, F9 (Flyball, 89D, EV 75.0 MPH)
Batting: LHB Nelson Preciado 0-0: Called Strike
0-1: Ball
1-1: Called Strike
1-2: Ball
2-2: Strikes out swinging
Batting: RHB Ed Donohue 0-0: Ball
1-0: Ball
2-0: Called Strike
2-1: Foul Ball, location: 9LDF
2-2: Foul Ball, location: 3F
2-2: Ball
3-2: Foul Ball, location: 2F
3-2: Strikes out swinging
Top of the 3rd over - 0 runs, 0 hits, 0 errors, 0 left on base; Mahoning Valley 1 - Batavia 0
BOTTOM OF THE 3RD
Batavia Muckdogs batting - Pitching for Mahoning Valley Scrappers : RHP Kevin Peterson
Batting: RHB Brice Post 0-0: Ball
1-0: Foul Ball, location: 2F
1-1: Ground out 6-3 (Groundball, 6, EV 88.1 MPH)
Batting: LHB Lynssl Goldstein 0-0: Called Strike
0-1: Ball
1-1: Swinging Strike
1-2: Strikes out looking
Batting: RHB Cody Naylor 0-0: Ball
1-0: SINGLE (Line Drive, 8RS, EV 106.9 MPH)
Batting: LHB David Serna 0-0: Ball
1-0: Foul Ball, location: 25F
1-1: Swinging Strike
1-2: Ball
2-2: Foul Ball, location: 7LMF
2-2: SINGLE (Line Drive, 89M, EV 85.0 MPH)
Cody Naylor to second
Runner from 2nd tries for 3rd, SAFE, throw by RF made to third
Batting: RHB Jamie Eirich 0-0: Called Strike
0-1: Swinging Strike
0-2: Strikes out swinging
Bottom of the 3rd over - 0 runs, 2 hits, 0 errors, 2 left on base; Mahoning Valley 1 - Batavia 0
TOP OF THE 4TH
Mahoning Valley Scrappers batting - Pitching for Batavia Muckdogs : LHP Carlos Alvarado
Batting: LHB Mark Grahn 0-0: Swinging Strike
0-1: Swinging Strike
0-2: Ball
1-2: Foul Ball, location: 5F
1-2: Foul Ball, location: 23F
1-2: Strikes out swinging
Batting: RHB Nolan George 0-0: Ball
1-0: Ball
2-0: Called Strike
2-1: Foul Ball, location: 2F
2-2: Foul Ball, location: 2F
2-2: Foul Ball, location: 2F
2-2: Hit by Pitch
Batting: RHB Nick Barry 0-0: Called Strike
0-1: Swinging Strike
0-2: SINGLE (Groundball, 4MD, EV 96.9 MPH)
Nolan George to second
Runner from 2nd tries for 3rd, SAFE, no throw by CF
Batting: RHB Ricky Cruz 0-0: Ball
1-0: Ground out 6-3 (Groundball, 6MS, EV 65.6 MPH)
Nolan George scores
Nick Barry to second
Batting: RHB Eddie Longoria 0-0: DOUBLE (Flyball, 8LXD, EV 111.9 MPH)
Nick Barry scores
Batting: RHB George Leggett 0-0: SINGLE (Line Drive, 34D, EV 97.5 MPH)
Eddie Longoria to third
Runner from 3rd tries for Home, SAFE, throw by RF to home
Batting: RHB Adam Van Leuven 0-0: Ball
1-0: Ball
2-0: Foul Ball, location: 5DF
2-1: Swinging Strike
2-2: Fielders Choice at 2nd, 5-4 (Groundball, 5, EV 106.9 MPH)
Top of the 4th over - 3 runs, 3 hits, 0 errors, 1 left on base; Mahoning Valley 4 - Batavia 0
BOTTOM OF THE 4TH
Batavia Muckdogs batting - Pitching for Mahoning Valley Scrappers : RHP Kevin Peterson
Batting: RHB Matt Jackson 0-0: Ball
1-0: Called Strike
1-1: Foul Ball, location: 23FF
1-2: Ball
2-2: Strikes out looking
Batting: LHB David Montoya 0-0: Called Strike
0-1: Swinging Strike
0-2: Strikes out looking
Batting: RHB Chris Denbo 0-0: Foul Ball, location: 3F, Error on foul ball, E3
0-1: Ball
1-1: Called Strike
1-2: Foul Ball, location: 2F
1-2: Ball
2-2: Strikes out looking
Bottom of the 4th over - 0 runs, 0 hits, 1 error, 0 left on base; Mahoning Valley 4 - Batavia 0
TOP OF THE 5TH
Mahoning Valley Scrappers batting - Pitching for Batavia Muckdogs : LHP Carlos Alvarado
Batting: LHB Nelson Preciado 0-0: Foul Ball, location: 7LMF
0-1: Ground out 6-3 (Groundball, 6M, EV 79.4 MPH)
Batting: RHB Ed Donohue 0-0: Called Strike
0-1: Foul Ball, location: 3DF
0-2: Ball
1-2: Ball
2-2: Ball
3-2: Ground out 5-3 (Groundball, 56, EV 96.9 MPH)
Batting: LHB Mark Grahn 0-0: Fly out, F6 (Popup, 6M, EV 74.4 MPH)
Top of the 5th over - 0 runs, 0 hits, 0 errors, 0 left on base; Mahoning Valley 4 - Batavia 0
BOTTOM OF THE 5TH
Batavia Muckdogs batting - Pitching for Mahoning Valley Scrappers : RHP Kevin Peterson
Batting: RHB Bill Ybanez 0-0: Ball
1-0: Ball
2-0: Ball
3-0: Base on Balls
Batting: RHB Brice Post 0-0: Called Strike
0-1: Ball
1-1: Grounds into double play, 6-4-3 (Groundball, 6, EV 84.4 MPH)
Batting: LHB Lynssl Goldstein 0-0: Called Strike
0-1: Foul Ball, location: 5DF
0-2: SINGLE (Line Drive, 89S, EV 106.9 MPH)
Batting: RHB Cody Naylor 0-0: Ball
1-0: SINGLE (Groundball, 34D, EV 100.6 MPH)
Lynssl Goldstein to second
Runner from 2nd tries for 3rd, SAFE, no throw by RF
Batting: LHB David Serna 0-0: Ball
Cody Naylor steals 2nd, throwing error, E2
Lynssl Goldstein scores
Cody Naylor to third
1-0: Ball
2-0: Called Strike
2-1: Foul Ball, location: 2F
2-2: Foul Ball, location: 2F
2-2: Ball
3-2: Base on Balls
Batting: RHB Jamie Eirich 0-0: Ball
1-0: Fielders Choice at 2nd, 6-4 (Groundball, 6, EV 85.6 MPH)
Bottom of the 5th over - 1 run, 2 hits, 1 error, 2 left on base; Mahoning Valley 4 - Batavia 1
TOP OF THE 6TH
Mahoning Valley Scrappers batting - Pitching for Batavia Muckdogs : LHP Carlos Alvarado
Batting: RHB Nolan George 0-0: Foul Ball, location: 2LF
0-1: Fly out, F8 (Flyball, 8RM, EV 89.4 MPH)
Batting: RHB Nick Barry 0-0: Called Strike
0-1: Ground out 4-3 (Groundball, 4S, EV 87.5 MPH)
Batting: RHB Ricky Cruz 0-0: Ball
1-0: Called Strike
1-1: Swinging Strike
1-2: Ball
2-2: Ball
3-2: Base on Balls
Batting: RHB Eddie Longoria 0-0: Fly out, F8 (Flyball, 8RS, EV 89.4 MPH)
Top of the 6th over - 0 runs, 0 hits, 0 errors, 1 left on base; Mahoning Valley 4 - Batavia 1
BOTTOM OF THE 6TH
Batavia Muckdogs batting - Pitching for Mahoning Valley Scrappers : RHP Kevin Peterson
Batting: RHB Matt Jackson 0-0: Ball
1-0: Ball
2-0: Foul Ball, location: 3DF
2-1: Hit by Pitch
Batting: LHB David Montoya 0-0: Called Strike
0-1: Ball
1-1: Single, Error in OF, E8, batter to second base (Groundball, 6MD, EV 101.3 MPH)
Matt Jackson to third
Pitching: RHP Bill Peugh
Pinch Hitting: LHB Casey Bulger 0-0: Called Strike
0-1: Called Strike
0-2: Fly out, F4 (Line Drive, 4, EV 74.4 MPH)
Lined into DP, 4-5 (Line Drive, 4, EV 74.4 MPH)
Batting: RHB Bill Ybanez 0-0: Called Strike
0-1: Foul Ball, location: 2F
0-2: Strikes out looking
Bottom of the 6th over - 0 runs, 1 hit, 1 error, 1 left on base; Mahoning Valley 4 - Batavia 1
TOP OF THE 7TH
Mahoning Valley Scrappers batting - Pitching for Batavia Muckdogs : LHP Carlos Alvarado
Now at SS: Jesse Schulte
Batting: RHB George Leggett 0-0: SINGLE (Groundball, 4MS, EV 71.9 MPH) (infield hit)
Batting: RHB Adam Van Leuven 0-0: Ball
1-0: Foul Ball, location: 9LSF
1-1: Foul Ball, location: 2F
1-2: Strikes out swinging
Batting: LHB Nelson Preciado 0-0: Foul Ball, location: 23FF
0-1: Fly out, F9 (Flyball, 9S, EV 83.1 MPH)
Batting: RHB Ed Donohue 0-0: Called Strike
0-1: Ball
1-1: Foul Ball, location: 9LSF
1-2: Foul Ball, location: 9LSF
1-2: TRIPLE (Line Drive, 89XD, EV 99.4 MPH)
George Leggett scores
Pitching: RHP Jesus Martinez
Batting: LHB Mark Grahn 0-0: Ball
1-0: Ball
2-0: Ball
3-0: Called Strike
3-1: Called Strike
3-2: Ground out 5-3 (Groundball, 56, EV 82.5 MPH)
Top of the 7th over - 1 run, 2 hits, 0 errors, 1 left on base; Mahoning Valley 5 - Batavia 1
BOTTOM OF THE 7TH
Batavia Muckdogs batting - Pitching for Mahoning Valley Scrappers : RHP Bill Peugh
Batting: RHB Brice Post 0-0: Called Strike
0-1: Ball
1-1: Called Strike
1-2: Ball
2-2: Strikes out swinging
Batting: LHB Lynssl Goldstein 0-0: Called Strike
0-1: Swinging Strike
0-2: DOUBLE (Flyball, 78D, EV 101.3 MPH)
Batting: RHB Cody Naylor 0-0: Called Strike
0-1: Ball
1-1: Foul Ball, location: 2F
1-2: Ball
2-2: Ground out 6-3 (Groundball, 6, EV 103.8 MPH)
Batting: LHB David Serna 0-0: Fly out, F7 (Flyball, 7, EV 90.6 MPH)
Bottom of the 7th over - 0 runs, 1 hit, 0 errors, 1 left on base; Mahoning Valley 5 - Batavia 1
TOP OF THE 8TH
Mahoning Valley Scrappers batting - Pitching for Batavia Muckdogs : RHP Jesus Martinez
Batting: RHB Nolan George 0-0: Ball
1-0: Called Strike
1-1: Ball
2-1: Foul Ball, location: 9LMF
2-2: Strikes out swinging
Batting: RHB Nick Barry 0-0: Ball
1-0: Swinging Strike
1-1: Ball
2-1: Ball
3-1: Base on Balls
Batting: RHB Ricky Cruz 0-0: Called Strike
0-1: Foul Ball, location: 2RF
0-2: Fly out, F9 (Flyball, 9, EV 88.1 MPH)
Batting: RHB Eddie Longoria 0-0: Ball
1-0: Ball
2-0: Foul Ball, location: 5DF
2-1: Ball
Wild Pitch!
Nick Barry to second
3-1: Intentional Walk
Batting: RHB George Leggett 0-0: Ball
1-0: Ball
2-0: SINGLE (Line Drive, 7LM, EV 106.3 MPH)
Nick Barry to third
Eddie Longoria to second
Runner from 3rd tries for Home, SAFE, throw by LF to home
Batting: RHB Adam Van Leuven 0-0: Ball
1-0: Fly out, F8 (Flyball, 89M, EV 93.1 MPH)
Top of the 8th over - 1 run, 1 hit, 0 errors, 2 left on base; Mahoning Valley 6 - Batavia 1
BOTTOM OF THE 8TH
Batavia Muckdogs batting - Pitching for Mahoning Valley Scrappers : RHP Bill Peugh
Batting: RHB Jamie Eirich 0-0: Ball
1-0: Ball
2-0: Foul Ball, location: 5DF
2-1: Ground out 4-3 (Groundball, 4, EV 101.3 MPH)
Pinch Hitting: LHB David Pena 0-0: Ball
1-0: Ball
2-0: Called Strike
2-1: Swinging Strike
2-2: Ball
3-2: DOUBLE (Line Drive, 78D, EV 110.6 MPH)
Batting: LHB David Montoya 0-0: Swinging Strike
0-1: Ball
1-1: Called Strike
1-2: Strikes out looking
Batting: SHB Jesse Schulte 0-0: Ball
1-0: Ball
2-0: Called Strike
2-1: Ball
3-1: Base on Balls
Batting: RHB Bill Ybanez 0-0: Ball
1-0: Fielders Choice at 2nd, 6-4 (Groundball, 6, EV 88.1 MPH)
Bottom of the 8th over - 0 runs, 1 hit, 0 errors, 2 left on base; Mahoning Valley 6 - Batavia 1
TOP OF THE 9TH
Mahoning Valley Scrappers batting - Pitching for Batavia Muckdogs : RHP Jesus Martinez
Pitching: LHP Ramon Mendez
Now at 1B: Jesse Schulte
Now at SS: David Pena
Batting: LHB Nelson Preciado 0-0: SINGLE (Line Drive, 9LS, EV 91.9 MPH)
Pitching: RHP Israel Sierra
Batting: RHB Ed Donohue 0-0: Foul Ball, location: 9LMF
0-1: Ball
1-1: Ball
2-1: Foul Ball, location: 9LMF
2-2: Foul Ball, location: 5F
2-2: Foul Ball, location: 5FF
2-2: Foul Ball, location: 2F
2-2: Foul Ball, location: 2F
2-2: Fly out, F7 (Flyball, 78S, EV 77.5 MPH)
Batting: LHB Mark Grahn 0-0: Ball
1-0: Called Strike
1-1: Fly out, F7 (Flyball, 7, EV 81.9 MPH)
Batting: RHB Nolan George 0-0: Called Strike
0-1: Called Strike
0-2: Fly out, F8 (Flyball, 8RD, EV 109.4 MPH)
Top of the 9th over - 0 runs, 1 hit, 0 errors, 1 left on base; Mahoning Valley 6 - Batavia 1
BOTTOM OF THE 9TH
Batavia Muckdogs batting - Pitching for Mahoning Valley Scrappers : RHP Bill Peugh
Batting: RHB Brice Post 0-0: Ball
1-0: SINGLE (Groundball, 6MS, EV 65.6 MPH) (infield hit)
Batting: LHB Lynssl Goldstein 0-0: Called Strike
0-1: Ball
1-1: 2-RUN HOME RUN (Flyball, 9LD, EV 97.5 MPH), Distance : 334 ft
Batting: RHB Cody Naylor 0-0: Called Strike
0-1: Ball
1-1: Ball
2-1: Ball
3-1: Called Strike
3-2: Fly out, F8 (Flyball, 8LD, EV 106.3 MPH)
Batting: LHB David Serna 0-0: Called Strike
0-1: Ball
1-1: Ball
2-1: Ground out 1-3 (Groundball, 13S, EV 70.0 MPH)
Batting: RHB Jamie Eirich 0-0: Foul Ball, location: 2F
0-1: Called Strike
0-2: Foul Ball, location: 9LMF
0-2: Foul Ball, location: 3FF
0-2: Ball
1-2: Foul Ball, location: 9LSF
1-2: Ground out 4-3 (Groundball, 4, EV 81.3 MPH)
Bottom of the 9th over - 2 runs, 2 hits, 0 errors, 0 left on base; Mahoning Valley 6 - Batavia 3
Sunday, May 12th , 2024 - OOTP Baseball 24.11 Build 85